 Dungeon Crawl Stone Soup version 0.27.1-34-g3ba077fa99 (webtiles) character file.

Game seed: 4091854306738886895

11443 iwittbrodt the Fighter (level 11, -1/89 HPs)
             Began as a Gnoll Wanderer on Jan 21, 2022.
             Was a Priest of the Shining One.
             Slain by a two-headed ogre (9 damage)
             ... on level 13 of the Dungeon.
             The game lasted 01:06:20 (14225 turns).

iwittbrodt the Fighter (Gnoll Wanderer)            Turns: 14225, Time: 01:06:21

Health: -1/89      AC: 16    Str: 14    XL:     11   Next: 77%
Magic:  23/23      EV: 13    Int: 14    God:    the Shining One [***...]
Gold:   541        SH: 10    Dex: 10    Spells: 18/26 levels left

rFire    . . .     SeeInvis .   f - +8 spear (flame)
rCold    . . .     Faith    .   b - +0 buckler
rNeg     + . .     Spirit   .   v - +1 acid dragon scales
rPois    .         Reflect  +   E - +2 helmet
rElec    .         Harm     .   (no cloak)
rCorr    +         Rampage  .   (no gloves)
Will     .....                  (no boots)
Stlth    +.........             F - amulet of reflection
HPRegen  0.24/turn              o - ring of flight
MPRegen  0.18/turn              r - +4 ring of protection

@: flying, glowing
A: fangs 1, strong nose, distributed training
a: Renounce Religion, Divine Shield


You were on level 13 of the Dungeon.
You worshipped the Shining One.
The Shining One was most pleased with you.
You visited 3 branches of the dungeon, and saw 15 of its levels.

You collected 541 gold pieces.

Inventory:

Hand Weapons
 f - a +8 spear of flaming (weapon)
 g - a +0 antimagic dagger
 x - a +3 shortbow
 A - a +0 hunting sling
 N - a +2 spear of venom
Missiles
 a - 467 stones
 j - 69 sling bullets
 p - 10 boomerangs
 q - 3 poisoned darts (quivered)
 y - 156 arrows
 B - a throwing net
Armour
 b - a +0 buckler (worn)
 s - a +0 chain mail
 v - +1 acid dragon scales (worn)
 E - a +2 helmet (worn)
Magical Staves
 L - a staff of poison
Jewellery
 m - an amulet of regeneration
 o - a ring of flight (left hand)
 r - a +4 ring of protection (right hand)
 F - an amulet of reflection (around neck)
 P - a ring of resist corrosion
Wands
 c - a wand of acid (8)
 l - a wand of iceblast (25)
 u - a wand of flame (26)
 D - a wand of paralysis (12)
 I - a wand of mindburst (14)
 J - a wand of polymorph (8)
 Q - a wand of charming (10)
Scrolls
 i - 4 scrolls of magic mapping
 k - a scroll of teleportation
 w - 3 scrolls of identify
 z - 3 scrolls of amnesia
 K - a scroll of enchant armour {unknown}
 M - 2 scrolls of vulnerability {unknown}
Potions
 d - 2 potions of flight
 e - 3 potions of brilliance
 h - 5 potions of magic
 n - a potion of might
 t - 2 potions of curing
 C - a potion of cancellation {unknown}
 G - a potion of lignification
 H - 2 potions of ambrosia
Miscellaneous
 O - a box of beasts


   Skills:
 + Level 9.4 Fighting
 + Level 6.6 Short Blades
 + Level 6.6 Long Blades
 + Level 6.6 Axes
 + Level 6.6 Maces & Flails
 + Level 6.6 Polearms
 + Level 6.6 Staves
 + Level 6.6 Slings
 + Level 6.6 Bows
 + Level 6.6 Crossbows
 + Level 6.6 Throwing
 + Level 8.1 Armour
 + Level 6.6 Dodging
 + Level 6.6 Stealth
 + Level 7.1 Shields
 + Level 6.6 Unarmed Combat
 + Level 8.4 Spellcasting
 + Level 5.5 Conjurations
 + Level 5.5 Hexes
 + Level 5.5 Summonings
 + Level 5.5 Necromancy
 + Level 5.9 Translocations
 + Level 5.5 Transmutations
 + Level 5.5 Fire Magic
 + Level 5.5 Ice Magic
 + Level 5.5 Air Magic
 + Level 5.5 Earth Magic
 + Level 5.5 Poison Magic
 + Level 7.2 Invocations
 + Level 7.1 Evocations


You had 18 spell levels left.
You knew the following spells:

 Your Spells              Type           Power      Damage    Failure   Level
a - Freeze                Ice            84%        1d10      1%          1
b - Conjure Flame         Conj/Fire      21%        6-21      5%          3
c - Magic Dart            Conj           84%        1d7       1%          1
d - Mephitic Cloud        Conj/Pois/Air  21%        N/A       5%          3

Your spell library contained the following spells:

 Spells                   Type           Power      Damage    Failure   Level
 Beastly Appendage        Tmut           42%        N/A       1%          1
 Foxfire                  Conj/Fire      84%        2x1d8     1%          1
 Call Imp                 Summ           21%        N/A       2%          2
 Sublimation of Blood     Necr           10%        N/A       2%          2
 Wereblood                Tmut           21%        N/A       2%          2
 Inner Flame              Hex/Fire       21%        N/A       5%          3
 Ozocubu's Armour         Ice            21%        N/A       5%          3
 Spider Form              Tmut/Pois      10%        N/A       5%          3
 Petrify                  Tmut/Erth      21%        N/A       17%         4
 Irradiate                Conj/Tmut      10%        3d17      43%         5
 Metabolic Englaciation   Hex/Ice        10%        N/A       43%         5
 Statue Form              Tmut/Erth      14%        N/A       95%         6
 Ozocubu's Refrigeration  Ice            10%        4d7       100%        7


Dungeon Overview and Level Annotations

Branches:
Dungeon (13/15)            Temple (1/1) D:7            Lair (1/6) D:9
    Orc (0/2) D:10
 Vaults: D:13-14

Altars:
Ashenzari
Cheibriados
Dithmenos
Elyvilon
Fedhas
Gozag
Hepliaklqana
Kikubaaqudgha
Makhleb
Nemelex Xobeh
Okawaru
Qazlal
Ru
Sif Muna
Trog
Uskayaw
Vehumet
Wu Jian
Xom
Yredelemnul
Zin
The Shining One

Shops:
D:7 :   D:11 ?

Annotations:
D:2 1 runed translucent door, Crazy Yiuf
D:3 3 runed translucent doors, DemonSlayer's ghost, amateur DsBe
D:5 2 transporters
D:11 Fannar
D:12 1 runed translucent door, DemonSlayer's ghost, journeyman DsBe
D:13 exclusion: obsidian statue
Temple Harold


Innate Abilities, Weirdness & Mutations

You have very sharp teeth.
Your uncanny sense of smell can sniff out nearby items.
Your experience applies equally to all skills.


Message History

You see here a +0 scale mail.
There is a stone staircase leading up, spattered with blood here.
You fly upwards.
Level annotation: 1 runed translucent door, DemonSlayer's ghost, journeyman DsBe
There is a stone staircase leading down here.
There is an open door here.
An enormous slime creature splits.
There are monsters nearby!
There is an open door here.
A large slime creature splits.
Two slime creatures merge to form a large slime creature.
A large slime creature splits.
The slime creature hits you!
Two slime creatures merge to form a large slime creature.
There is a stone staircase leading down here.
You fly downwards.
Level annotation: exclusion: obsidian statue The two-headed ogre hits you with a +0 giant club!
You block the two-headed ogre's attack.
There is a stone staircase leading up, spattered with blood here.
The slime creature quivers.
The slime creature closely misses you.
You see here a +0 scale mail.
The slime creature hits you!
There is an escape hatch in the ceiling here.
Okay, then.
You block the two-headed ogre's attack.
The two-headed ogre hits you with a +0 giant club.
The two-headed ogre hits you with a +0 giant club!
* * * LOW HITPOINT WARNING * * *
The two-headed ogre hits you with a +0 giant club!
* * * LOW HITPOINT WARNING * * *
You block the slime creature's attack. You block the slime creature's attack.
The two-headed ogre hits you with a +0 giant club!
* * * LOW HITPOINT WARNING * * *
The two-headed ogre misses you. You block the two-headed ogre's attack.
The two-headed ogre hits you with a +0 giant club!
You die...

#.# #.# #.#
#.# #.# #.#
#.# #.# #.#
#.# ###.#
#..[# #.###
#@# .. #O#
$.. #.#
8(.###### #J#
888:......##
#.#
888$/..$...##
##.#
/=[.........#
#..#
............#
#.##
............#
#.#


You could see a slime creature and a two-headed ogre.

Vanquished Creatures
  A centaur warrior (D:9)
  A two-headed ogre (D:12)
  A deep elf pyromancer (D:12)
  Maggie (D:5)
  3 unseen horrors (D:12)
  2 cane toads
  A kobold demonologist (D:11)
  A komodo dragon (D:12)
  A queen bee (Lair:1)
  2 trolls (D:10)
  Grinder (D:4)
  A shadow (D:10)
  3 yaks (D:11)
  Sigmund (D:3)
  A wyvern (D:9)
  Grum (D:11)
  2 wraiths
  3 vampire mosquitoes (D:11)
  A warg (D:10)
  An acid dragon (D:12)
  6 orc warriors
  5 water moccasins
  A hornet zombie (D:8)
  A black bear (D:6)
  2 necrophages
  3 ogres
  4 centaurs
  4 wolves
  A kobold brigand (D:10)
  A phantom (D:6)
  4 bullfrogs
  A gnoll sergeant (D:12)
  25 killer bees
  A howler monkey (D:9)
  2 centaur zombies
  2 bullfrog zombies
  A jelly (D:7)
  3 hounds (D:6)
  3 centaur skeletons
  An iguana (D:5)
  4 orc priests
  Ijyb (D:5)
  6 orc wizards
  Robin (D:2)
  3 gnolls (D:12)
  A howler monkey skeleton (D:7)
  9 adders
  A shadow imp (D:7)
  4 white imps
  An adder zombie (D:3)
  An adder skeleton (D:5)
  3 worms (D:2)
  2 dart slugs (D:2)
  33 orcs
  8 ball pythons
  4 bats
  5 endoplasms
  4 giant cockroaches
  18 goblins
  8 hobgoblins
  9 jackals
  11 kobolds
  3 quokkas
  3 frilled lizards
  7 rats
250 creatures vanquished.

Vanquished Creatures (collateral kills)
  A killer bee (Lair:1)
1 creature vanquished.

Vanquished Creatures (others)
  A kobold (D:11)
  A bush (Lair:1)
  6 fungi
  12 plants
20 creatures vanquished.

Grand Total: 271 creatures vanquished

Notes
Turn   | Place    | Note
-------+----------+-------------------------------------------
     0 | D:1      | iwittbrodt the Gnoll Wanderer began the quest for the Orb.
     0 | D:1      | iwittbrodt set off with the following items: a +2 spear, a
                  | +0 buckler, a +0 robe; and the following spell memorised:
                  | Freeze; and the following spells available to memorise:
                  | Ozocubu's Armour
     0 | D:1      | Reached XP level 1. HP: 23/23 MP: 6/6
    85 | D:1      | Reached XP level 2. HP: 29/29 MP: 7/7
   558 | D:1      | Reached XP level 3. HP: 35/35 MP: 9/9
   834 | D:2      | Reached skill level 5 in Spellcasting
   910 | D:2      | Noticed Robin
   944 | D:2      | Reached skill level 1 in Invocations
  1088 | D:2      | Reached skill level 1 in Short Blades
  1088 | D:2      | Reached skill level 1 in Long Blades
  1088 | D:2      | Reached skill level 1 in Axes
  1088 | D:2      | Reached skill level 1 in Maces & Flails
  1088 | D:2      | Reached skill level 1 in Polearms
  1088 | D:2      | Reached skill level 1 in Staves
  1088 | D:2      | Reached skill level 1 in Slings
  1088 | D:2      | Reached skill level 1 in Bows
  1088 | D:2      | Reached skill level 1 in Crossbows
  1088 | D:2      | Reached skill level 1 in Throwing
  1088 | D:2      | Reached skill level 1 in Dodging
  1088 | D:2      | Reached skill level 1 in Stealth
  1088 | D:2      | Reached skill level 1 in Unarmed Combat
  1208 | D:2      | Killed Robin
  1209 | D:2      | Reached XP level 4. HP: 36/41 MP: 11/11
  1427 | D:2      | Reached skill level 1 in Conjurations
  1427 | D:2      | Reached skill level 1 in Hexes
  1427 | D:2      | Reached skill level 1 in Summonings
  1427 | D:2      | Reached skill level 1 in Necromancy
  1427 | D:2      | Reached skill level 1 in Transmutations
  1427 | D:2      | Reached skill level 1 in Fire Magic
  1427 | D:2      | Reached skill level 1 in Ice Magic
  1427 | D:2      | Reached skill level 1 in Air Magic
  1427 | D:2      | Reached skill level 1 in Earth Magic
  1427 | D:2      | Reached skill level 1 in Poison Magic
  1490 | D:2      | Found a runed translucent door.
  1491 | D:2      | Noticed Crazy Yiuf
  1610 | D:2      | Found a faded altar of an unknown god.
  1677 | D:2      | Reached XP level 5. HP: 47/47 MP: 12/12
  2370 | D:3      | Learned a level 3 spell: Conjure Flame
  2421 | D:3      | Noticed Sigmund
  2525 | D:3      | Found a runed translucent gate.
  2526 | D:3      | Found a runed translucent gate.
  2527 | D:3      | Found a runed translucent gate.
  2529 | D:3      | Noticed DemonSlayer's ghost (amateur DsBe)
  3040 | D:3      | Killed Sigmund
  3041 | D:3      | Reached skill level 5 in Armour
  3041 | D:3      | Reached XP level 6. HP: 50/53 MP: 14/14
  4388 | D:4      | Noticed Grinder
  4401 | D:4      | Paralysed by Grinder for 2 turns
  4409 | D:4      | Paralysed by Grinder for 5 turns
  4416 | D:4      | Paralysed by Grinder for 3 turns
  4424 | D:4      | Killed Grinder
  4425 | D:4      | Reached skill level 7 in Fighting
  4425 | D:4      | Reached XP level 7. HP: 51/60 MP: 15/15
  4707 | D:5      | Entered Level 5 of the Dungeon
  4715 | D:5      | Found a glowing golden altar of the Shining One.
  4715 | D:5      | Found a sparkling altar of Nemelex Xobeh.
  4725 | D:5      | Became a worshipper of the Shining One
  4763 | D:5      | Found a transporter.
  4782 | D:5      | Found a transporter.
  4984 | D:5      | Found a white marble altar of Elyvilon.
  5216 | D:5      | Reached XP level 8. HP: 67/67 MP: 16/16
  5494 | D:5      | Noticed Ijyb
  5508 | D:5      | Killed Ijyb
  5578 | D:5      | Reached * piety under the Shining One
  5984 | D:6      | Found a burning altar of Makhleb.
  5989 | D:6      | Found an ancient bone altar of Kikubaaqudgha.
  6048 | D:6      | Found an opulent altar of Gozag.
  6128 | D:6      | Noticed Maggie
  6276 | D:5      | Killed Maggie
  6353 | D:5      | Reached XP level 9. HP: 62/73 MP: 18/18
  6748 | D:6      | Learned a level 1 spell: Magic Dart
  7071 | D:7      | Reached ** piety under the Shining One
  7127 | D:7      | Reached skill level 5 in Shields
  7127 | D:7      | Reached skill level 5 in Evocations
  7151 | D:7      | You are sucked into a shaft and drop 2 floors!
  7151 | D:9      | Noticed a centaur warrior
  7169 | D:9      | Killed a centaur warrior
  7170 | D:9      | Reached skill level 8 in Fighting
  7170 | D:9      | Reached skill level 5 in Invocations
  7459 | D:9      | Reached XP level 10. HP: 78/80 MP: 20/20
  7560 | D:9      | Found a staircase to the Lair.
  7942 | D:8      | Found a shimmering altar of Xom.
  8202 | D:8      | Reached skill level 5 in Short Blades
  8202 | D:8      | Reached skill level 5 in Long Blades
  8202 | D:8      | Reached skill level 5 in Axes
  8202 | D:8      | Reached skill level 5 in Maces & Flails
  8202 | D:8      | Reached skill level 5 in Polearms
  8202 | D:8      | Reached skill level 5 in Staves
  8202 | D:8      | Reached skill level 5 in Slings
  8202 | D:8      | Reached skill level 5 in Bows
  8202 | D:8      | Reached skill level 5 in Crossbows
  8202 | D:8      | Reached skill level 5 in Throwing
  8202 | D:8      | Reached skill level 5 in Dodging
  8202 | D:8      | Reached skill level 5 in Stealth
  8202 | D:8      | Reached skill level 5 in Unarmed Combat
  8607 | D:7      | Found a staircase to the Ecumenical Temple.
  8667 | D:7      | Found a broken altar of Ashenzari.
  8727 | Temple   | Entered the Ecumenical Temple
  9147 | D:7      | Found Ovaezagom's Book Emporium.
  9258 | D:7      | Noticed Harold
  9283 | D:7      | HP: 3/82 [Harold (5)]
  9288 | D:7      | HP: 4/82 [poisoned by a killer bee]
  9576 | D:7      | Found an iron altar of Okawaru.
  9905 | D:10     | Entered Level 10 of the Dungeon
 10196 | D:10     | Reached skill level 5 in Translocations
 10369 | D:10     | Found a staircase to the Orcish Mines.
 10546 | D:10     | Learned a level 3 spell: Mephitic Cloud
 10824 | D:11     | Noticed Grum
 10855 | D:11     | Killed Grum
 11063 | D:11     | Noticed a kobold demonologist
 11071 | D:11     | Noticed Fannar
 11071 | D:11     | Reached *** piety under the Shining One
 11072 | D:11     | Killed a kobold demonologist
 11073 | D:11     | Reached XP level 11. HP: 86/87 MP: 22/22
 11309 | Lair:1   | Entered Level 1 of the Lair of Beasts
 11659 | Lair:1   | Reached skill level 9 in Fighting
 11690 | Lair:1   | Reached skill level 5 in Conjurations
 11690 | Lair:1   | Reached skill level 5 in Hexes
 11690 | Lair:1   | Reached skill level 5 in Summonings
 11690 | Lair:1   | Reached skill level 5 in Necromancy
 11690 | Lair:1   | Reached skill level 5 in Transmutations
 11690 | Lair:1   | Reached skill level 5 in Fire Magic
 11690 | Lair:1   | Reached skill level 5 in Ice Magic
 11690 | Lair:1   | Reached skill level 5 in Air Magic
 11690 | Lair:1   | Reached skill level 5 in Earth Magic
 11690 | Lair:1   | Reached skill level 5 in Poison Magic
 11926 | Lair:1   | Noticed a six-headed hydra
 11963 | Lair:1   | The Shining One protects you from harm!
 12451 | D:12     | Noticed a deep elf pyromancer
 12459 | D:12     | Killed a deep elf pyromancer
 12710 | D:12     | Found a runed translucent door.
 12714 | D:12     | Identified the +0 trident "Qonef" {vamp, rC+}
 12714 | D:12     | Noticed a spriggan rider
 12716 | D:12     | Noticed DemonSlayer's ghost (journeyman DsBe)
 13179 | D:11     | Found Zuikhlus's Magic Scroll Shoppe.
 13823 | D:13     | Noticed a two-headed ogre
 13926 | D:12     | Killed a two-headed ogre
 13964 | D:13     | Noticed an obsidian statue
 14135 | D:13     | Noticed a two-headed ogre
 14209 | D:13     | HP: 4/89 [two-headed ogre (12)]
 14225 | D:13     | Slain by a two-headed ogre

Illustrated notes

Levels and vault maps discovered:
D:1:      dpeg_arrival_central, layout_basic
D:2:      minmay_diamond_boxcup, layout_loops_ring,
          shapermc_ecumenical_altar_mp_ritualfount, uniq_robin,
          uniq_crazy_yiuf_cottage
D:3:      kennysheep_six_static_rooms, layout_basic, gammafunk_ghost_necromancy,
          corexii_hall_statues_l, amcnicky_mini_pool_small, hex_tiny,
          uniq_sigmund
D:4:      layout_loops_corners, hangedman_abyss_or_decor_stabs, uniq_grinder
D:5:      gammafunk_wand_slinger, layout_basic, elyvilon_altar_5,
          gammafunk_temple_overflow_elements, uniq_ijyb
D:6:      layout_gridville, mainiacjoe_overflow_boulevard,
          mainiacjoe_overflow_big_doors, uniq_maggie
D:7:      layout_loops_ring, mainiacjoe_overflow_chevrons,
          okawaru_ov_weapons_minmay, minmay_temple_entry_wispy, serial_shops,
          shop, uniq_harold
D:8:      layout_rooms, nicolae_overflow_crystal_walls
D:9:      layout_rooms, lair_entry_dummy
D:10:     layout_roguey, erik_orc_3
D:11:     layout_basic, serial_shops, nicolae_take_the_stairs,
          nicolae_lava_and_water, uniq_fannar, uniq_grum
D:12:     layout_irregular_city, ebering_ghost_funeral_grove
D:13:     layout_rooms, amethyst_killhole, minmay_protected_statue
Temple:   dshaligram_water_room_temple
Lair:1:   layout_layer_cave, special_room [special_room_bee], grunt_megastairs_3

Skill      XL: |  1  2  3  4  5  6  7  8  9 10 11 |
---------------+----------------------------------+-----
Translocations | 2 3 4 5 |  5.9
Spellcasting   | 5 6 7 8 |  8.4
Invocations    | 1 2 3 4 5 6 7 |  7.2
Short Blades   | 1 2 3 4 5 6 |  6.6
Long Blades    | 1 2 3 4 5 6 |  6.6
Axes           | 1 2 3 4 5 6 |  6.6
Maces & Flails | 1 2 3 4 5 6 |  6.6
Polearms       | 1 2 3 4 5 6 |  6.6
Staves         | 1 2 3 4 5 6 |  6.6
Slings         | 1 2 3 4 5 6 |  6.6
Bows           | 1 2 3 4 5 6 |  6.6
Crossbows      | 1 2 3 4 5 6 |  6.6
Throwing       | 1 2 3 4 5 6 |  6.6
Dodging        | 1 2 3 4 5 6 |  6.6
Stealth        | 1 2 3 4 5 6 |  6.6
Unarmed Combat | 1 2 3 4 5 6 |  6.6
Conjurations   | 1 2 3 4 5 |  5.5
Hexes          | 1 2 3 4 5 |  5.5
Summonings     | 1 2 3 4 5 |  5.5
Necromancy     | 1 2 3 4 5 |  5.5
Transmutations | 1 2 3 4 5 |  5.5
Fire Magic     | 1 2 3 4 5 |  5.5
Ice Magic      | 1 2 3 4 5 |  5.5
Air Magic      | 1 2 3 4 5 |  5.5
Earth Magic    | 1 2 3 4 5 |  5.5
Poison Magic   | 1 2 3 4 5 |  5.5
Shields        | 3 4 5 6 7 |  7.1
Evocations     | 3 4 5 6 7 |  7.1
Armour         | 5 6 7 8 |  8.1
Fighting       | 7 8 9 |  9.4

Action                   |  1- 3 |  4- 6 |  7- 9 | 10-12 || total
-------------------------+-------+-------+-------+-------++-------
Melee: Spear             |    75 |   150 |   285 |   486 ||   996
       Bite              |     3 |     6 |    21 |    32 ||    62
Throw: Stone             |     3 |     1 |     7 |     4 ||    15
       Dart              |       |    16 |    38 |    12 ||    66
       Boomerang         |       |       |     1 |    16 ||    17
 Cast: Freeze            |     5 |     6 |     5 |       ||    16
       Magic Dart        |       |       |     1 |     5 ||     6
       Conjure Flame     |       |       |       |    10 ||    10
       Mephitic Cloud    |       |       |       |    10 ||    10
Evoke: Wand              |       |     2 |       |     1 ||     3
  Use: Scroll            |       |    10 |     2 |     9 ||    21
       Potion            |       |       |     5 |     2 ||     7
 Stab: Sleeping          |     3 |     3 |       |       ||     6
Armor: Robe              |     5 |     5 |       |       ||    10
       Ring mail         |       |    22 |    48 |       ||    70
       Acid dragon scale |       |       |    65 |   165 ||   230
Dodge: Dodged            |    24 |    44 |   146 |   212 ||   426
Block: Buckler           |     7 |    12 |    55 |   124 ||   198
